 Dungeon Crawl Stone Soup version 0.23.2 (webtiles) character file.

Game seed: 5898449584331427581

393 Kinoniko the Covered (level 6, -5/48 HPs)
             Began as a Demonspawn Fighter on Apr 3, 2019.
             Slain by a gnoll
             ... wielding a +0 flail
              (8 damage)
             ... on level 4 of the Dungeon.
             The game lasted 00:10:46 (3810 turns).

Kinoniko the Covered (Demonspawn Fighter)           Turns: 3810, Time: 00:10:48

Health: -5/48      AC: 10    Str: 17      XL:     6   Next: 51%
Magic:  6/6        EV:  7    Int:  9      God:
Gold:   169        SH:  9    Dex: 15 (16) Spells: 5/5 levels left

rFire    x . .     SeeInvis .   a - +0 trident
rCold    + . .     Gourm    .   c - +0 shield
rNeg     . . .     Faith    .   b - +0 scale mail
rPois    .         Spirit   .   (helmet restricted)
rElec    .         Reflect  .   q - +0 cloak
rCorr    .         Harm     .   (no gloves)
MR       .....                  (no boots)
Stlth    ..........             (no amulet)
HPRegen  0.16/turn              g - +2 ring of slaying
MPRegen  0.10/turn              l - ring of ice

@: no status effects
A: antennae 1, hooves 1, slimy green scales 1, agile 1, deterioration 1, rot
immunity
a: no special abilities


You were on level 4 of the Dungeon.
You were not hungry.

You visited 1 branch of the dungeon, and saw 4 of its levels.

You collected 169 gold pieces.

Inventory:

Hand Weapons
 a - a +0 trident (weapon)
 i - a +0 short sword of venom
Armour
 b - a +0 scale mail (worn)
 c - a +0 shield (worn)
 q - a +0 cloak (worn)
Jewellery
 g - a +2 ring of slaying (left hand)
 l - a ring of ice (right hand)
Wands
 n - a wand of enslavement (7)
Scrolls
 d - 3 scrolls of enchant armour {unknown}
 j - 4 scrolls of remove curse
 o - 2 scrolls of identify
 p - a scroll of teleportation
Potions
 e - a potion of flight
 h - a potion of magic {unknown}
 k - a potion of degeneration {unknown}
 m - a potion of curing {unknown}
Comestibles
 f - 7 rations


   Skills:
 + Level 3.8 Fighting
 + Level 3.7 Polearms
 + Level 4.3 Armour
 + Level 0.5 Dodging
 + Level 0.1 Stealth
 + Level 3.9 Shields


You had 5 spell levels left.
You didn't know any spells.
Your spell library contained the following spells:

 Spells                   Type           Power        Failure   Level  Hunger
 Confusing Touch          Hex            #.....       99%         1    ##.....
 Magic Dart               Conj           #...         99%         1    ##.....
 Searing Ray              Conj           #.....       100%        2    ###....
 Confuse                  Hex            #.......     100%        3    ####...
 Dazzling Spray           Conj/Hex       #.....       100%        3    ####...
 Gell's Gravitas          Tloc           #.........   100%        3    ####...
 Force Lance              Conj/Tloc      #.......     100%        4    #####..
 Fulminant Prism          Conj/Hex       #.........   100%        4    #####..
 Iskenderun's Mystic Bla  Conj           #.......     100%        4    #####..
 Petrify                  Tmut/Erth      #.......     100%        4    #####..
 Metabolic Englaciation   Hex/Ice        #.........   100%        5    ######.
 Yara's Violent Unravell  Hex/Tmut       #.........   100%        5    ######.


Dungeon Overview and Level Annotations

Branches:
Dungeon (4/15)
 Temple: D:4-7

Altars:


Innate Abilities, Weirdness & Mutations

You have a pair of small antennae on your head.
You are partially covered in slimy green scales. (AC +2)
You are immune to rotting.
You have large cloven feet.
You are agile. (Dex +2)
Your body sometimes deteriorates upon taking damage.


Message History

The gnoll hits you but does no damage. The gnoll hits you.
The gnoll hits you but does no damage.
The gnoll sergeant hits you but does no damage.
You closely miss the gnoll. You block the gnoll's attack.
The gnoll hits you but does no damage. The gnoll barely misses you.
The gnoll sergeant hits you but does no damage.
You hit the gnoll but do no damage. You kick the gnoll.
The gnoll is moderately wounded.
The gnoll hits you. The gnoll barely misses you.
The gnoll sergeant barely misses you. The gnoll hits you with a +0 flail.
* * * LOW HITPOINT WARNING * * *
The gnoll hits you but does no damage.
You hit the gnoll. Your kick misses the gnoll.
The gnoll is moderately wounded.
The gnoll sergeant hits you from afar with a +0 spear!
* * * LOW HITPOINT WARNING * * *
The gnoll hits you from afar with a +0 halberd.
* * * LOW HITPOINT WARNING * * *
The gnoll hits you with a +0 flail!
You die...

.... .... .....### ...#
........## ....#
.........##..?#
..###..............
............#.gg.
......# #...g..# ..
.......##...[@g#....
#......#..##.........
......#.............. ..
#....†)............ #.
##................. #..
#..................
#.####..##............##
.....(...#.#.........###
#....#.....##....#...#.


You could see a gnoll sergeant and 3 gnolls.

Vanquished Creatures
  A gnoll shaman (D:4)
  Natasha (thrice) (D:3)
  An orc wizard (D:4)
  2 worker ants (D:4)
  A hound skeleton (D:4)
  Robin (D:4)
  4 gnolls
  4 adders
  An ooze (D:1)
  4 worms
  A dart slug (D:3)
  6 leopard geckos
  10 orcs
  A ball python (D:4)
  A giant cockroach (D:3)
  17 goblins
  4 hobgoblins
  6 jackals
  8 kobolds
  2 quokkas (D:3)
  11 bats
  A jackal skeleton (D:4)
  3 rats (D:1)
93 creatures vanquished.

Notes
Turn   | Place    | Note
-------+----------+-------------------------------------------
     0 | D:1      | Kinoniko the Demonspawn Fighter began the quest for the
                  | Orb.
     0 | D:1      | Reached XP level 1. HP: 18/18 MP: 1/1
    51 | D:1      | Reached skill level 3 in Armour
    64 | D:1      | Gained mutation: You are clumsy. (Dex -2) [potion of
                  | mutation]
    64 | D:1      | Gained mutation: Your body sometimes deteriorates upon
                  | taking damage. [potion of mutation]
    64 | D:1      | Lost mutation: You are clumsy. (Dex -2) [potion of
                  | mutation]
    65 | D:1      | Lost mutation: Your body sometimes deteriorates upon taking
                  | damage. [potion of mutation]
    65 | D:1      | Gained mutation: Your body sometimes deteriorates upon
                  | taking damage. [potion of mutation]
    65 | D:1      | Gained mutation: You are agile. (Dex +2) [potion of
                  | mutation]
    65 | D:1      | Gained mutation: You have a pair of small antennae on your
                  | head. [potion of mutation]
    65 | D:1      | Gained mutation: You have large cloven feet. [potion of
                  | mutation]
   119 | D:1      | Mutation became permanent: You have a pair of small
                  | antennae on your head. [demonic ancestry]
   119 | D:1      | Gained mutation: You have a pair of small antennae on your
                  | head. [demonic ancestry]
   119 | D:1      | Reached XP level 2. HP: 24/24 MP: 2/2
   618 | D:1      | Reached XP level 3. HP: 29/29 MP: 3/3
  1418 | D:2      | Gained mutation: You are partially covered in slimy green
                  | scales. (AC +2) [demonic ancestry]
  1418 | D:2      | Reached XP level 4. HP: 25/36 MP: 4/4
  2316 | D:3      | Noticed Natasha
  2323 | D:3      | Killed Natasha
  2438 | D:3      | Gained mutation: You are immune to rotting. [demonic
                  | ancestry]
  2438 | D:3      | Reached XP level 5. HP: 39/42 MP: 5/5
  2637 | D:3      | Noticed Natasha
  2646 | D:3      | Killed Natasha
  3009 | D:3      | Noticed Natasha
  3018 | D:3      | Killed Natasha
  3165 | D:3      | Reached skill level 4 in Armour
  3314 | D:4      | Reached XP level 6. HP: 42/48 MP: 6/6
  3429 | D:4      | Noticed Robin
  3449 | D:4      | Killed Robin
  3810 | D:4      | Slain by a gnoll

Skill      XL: |  1  2  3  4  5 |
---------------+----------------+-----
Armour         | 3 4 |  4.3
Polearms       | 2 3 |  3.7
Shields        | 3 |  3.9
Fighting       | |  3.8
Dodging        | |  0.5
Stealth        | |  0.1

Action                   |  1- 3 |  4- 6 || total
-------------------------+-------+-------++-------
Melee: Trident           |    85 |   187 ||   272
       Kick              |    17 |    35 ||    52
  Use: Potion            |     4 |     1 ||     5
       Scroll            |     4 |     3 ||     7
  Eat: Ration            |     1 |     2 ||     3
Armor: Scale mail        |    29 |   104 ||   133
Dodge: Dodged            |    19 |    63 ||    82
Block: Shield            |    29 |   103 ||   132
